 Dungeon Crawl Stone Soup version 0.29.1-4-g47bece8355 (webtiles) character file.

Game seed: 3921597866133077033

59 warriortoast the Conjurer (level 3, 15/24 (26) HPs)
             Began as a Draconian Conjurer on Dec 3, 2022.
             Quit the game on level 3 of the Dungeon.
             The game lasted 00:04:43 (2919 turns).

warriortoast the Conjurer (Draconian Conjurer)      Turns: 2919, Time: 00:04:44

HP:   15/24 (26)    AC:  8    Str:  9    XL:     3   Next: 78%
MP:   3/6           EV: 12    Int: 20    God:
Gold: 43            SH:  0    Dex:  9    Spells: 6/7 levels left

rFire   . . .      SeeInvis .   c - +0 short sword
rCold   . . .      Faith    .   (no shield)
rNeg    . . .      Spirit   .   (body armour unavailable)
rPois   .          Reflect  .   (helmet restricted)
rElec   .          Harm     .   (no cloak)
rCorr   .          Rampage  .   (no gloves)
Will    .....                   i - +2 pair of boots
Stlth   ++........              (no amulet)
HPRegen 0.08/turn               (no ring)
MPRegen 0.10/turn               (no ring)

@: drained
A: AC +5, unfitting armour, cold-blooded
a: no special abilities


You were on level 3 of the Dungeon.
You visited 1 branch of the dungeon, and saw 3 of its levels.

You collected 43 gold pieces.

Inventory:

Hand Weapons
 c - a +0 short sword (weapon)
Armour
 i - a +2 pair of boots (worn)
Scrolls
 b - 4 scrolls of identify {unknown}
 d - a scroll of blinking {unknown}
 e - a scroll of vulnerability {unknown}
 k - a scroll of immolation {unknown}
 m - 2 scrolls of enchant armour {unknown}
 n - 2 scrolls of poison {unknown}
 p - 2 scrolls of teleportation {unknown}
Potions
 a - a potion of magic
 f - 2 potions of degeneration {unknown}
 g - 3 potions of curing {unknown}
 h - a potion of heal wounds {unknown}
 j - a potion of might {unknown}
 l - a potion of mutation {unknown}
 o - a potion of haste {unknown}


   Skills:
 + Level 2.4 Dodging
 + Level 2.5 Stealth
 + Level 2.5 Spellcasting
 + Level 4.4 Conjurations


You had 6 spell levels left.
You knew the following spells:

 Your Spells              Type           Power      Damage    Failure   Level
a - Magic Dart            Conj           80%        1d7       2%          1

Your spell library contained the following spells:

 Spells                   Type           Power      Damage    Failure   Level
 Searing Ray              Conj           40%        2d5       3%          2
 Dazzling Flash           Conj/Hex       22%        N/A       19%         3
 Sublimation of Blood     Necr           2%         N/A       22%         2
 Fulminant Prism          Conj/Hex       5%         3d7       52%         4
 Iskenderun's Mystic Bla  Conj/Tloc      11%        2d4       52%         4
 Petrify                  Tmut/Erth      2%         N/A       83%         4
 Irradiate                Conj/Tmut      5%         3d13      86%         5


Dungeon Overview and Level Annotations

Branches:
Dungeon (3/15)

Altars:
Nemelex Xobeh

Annotations:
D:3 Terence


Innate Abilities, Weirdness & Mutations

Your plain brown scales are hard. (AC +5)
You cannot fit into any form of body armour.
You are cold-blooded and may be slowed by cold attacks.


Message History

The magic dart hits the orc.
The orc is severely wounded.
The rat closely misses you. The orc misses you.
The magic dart hits the orc.
You kill the orc!
The rat barely misses you.
The magic dart hits the rat.
You kill the rat!
You can't see any susceptible monsters within range! (Use Z to cast anyway.)
You can't see any susceptible monsters within range! (Use Z to cast anyway.)
You start resting.
Magic restored.
You start resting.
HP restored.
You start waiting.
Done waiting.
You climb downwards.
Level annotation: Terence The orc misses you.
There is a stone staircase leading up here.
The magic dart hits the orc.
The orc is severely wounded.
The orc closely misses you.
The magic dart hits the orc.
The orc is severely wounded.
An orc wizard comes into view. It is wielding a +0 dagger.
The orc barely misses you.
The magic dart hits the orc.
You kill the orc!
The orc wizard shouts!
You hear a shout!
Terence attacks as you move away! Terence hits you but does no damage.
You feel drained.
Found a spear.
Found a blue potion.
You closely miss the orc.
Your tail-slap misses the orc.
The orc closely misses you.
Terence hits you with a +0 flail of draining!
You feel drained. The orc barely misses you. Terence barely misses you.
You closely miss the orc. The orc hits you but does no damage.
Terence barely misses you.
Are you sure you want to abandon this character and quit the game? (Confirm with "yes".)

## ... .. ..####.#.#.# #
### #@#.@o.....! ## #.
#.. #.#@##...... ...###.
#.# #.#<)o......
........#.###@#o##......
...##...#.....#......>..
.⌠..............## ....
_.....###@#####.# ).. .⌠
#.).....##.# . .#
#.##.##.##.#


You could see Terence, an orc wizard and an orc.

Vanquished Creatures
  An adder (D:2)
  2 worms (D:2)
  4 orcs
  4 ball pythons
  6 bats
  2 endoplasms
  2 giant cockroaches (D:2)
  5 goblins
  A hobgoblin (D:1)
  3 kobolds
  A quokka (D:3)
  2 frilled lizards (D:1)
  5 rats
38 creatures vanquished.

Notes
Turn   | Place    | Note
-------+----------+-------------------------------------------
     0 | D:1      | warriortoast the Draconian Conjurer began the quest for the
                  | Orb.
     0 | D:1      | Reached XP level 1. HP: 14/14 MP: 3/3
   373 | D:1      | Reached XP level 2. HP: 20/20 MP: 1/5
   539 | D:1      | Found a faded altar of an unknown god.
  1256 | D:2      | Reached XP level 3. HP: 26/26 MP: 1/6
  2327 | D:3      | Found a sparkling altar of Nemelex Xobeh.
  2537 | D:3      | Noticed Terence
  2919 | D:3      | Quit the game

Illustrated notes

Levels and vault maps discovered:
D:1:      psy_arrival_basics, layout_rooms, ebering_ecumenical_altar_rust
D:2:      layout_basic
D:3:      layout_basic, nemelex_xobeh_ov_fountains_minmay,
          hangedman_decor_diamond_cutter, st_stairs_4, uniq_terence

Skill      XL: |  1 |
---------------+----+-----
Stealth        | 2 |  2.5
Dodging        | 2 |  2.4
Spellcasting   | |  2.5
Conjurations   | |  4.4

Action                   || total
-------------------------++-------
Melee: Short sword       ||    29
       Tailslap          ||     3
       Punch             ||     1
 Cast: Magic Dart        ||    98
Armor: Skin              ||    32
Dodge: Dodged            ||    55
